 Dungeon Crawl Stone Soup version 0.20.0-10-g0535bb4 (webtiles) character file.

522 kuniqs the Shield-Bearer (level 7, -2/56 HPs)
             Began as a Formicid Fighter on June 7, 2017.
             Was an Initiate of Ru.
             Slain by an ice beast (6 damage)
             ... summoned by buskinjo's ghost
             ... in an ossuary.
             The game lasted 00:05:08 (4735 turns).

kuniqs the Shield-Bearer (Formicid Fighter)         Turns: 4735, Time: 00:05:09

Health: -2/56      AC: 10    Str: 23      XL:     7   Next: 46%
Magic:  0/7        EV:  7    Int:  7      God:    Ru [......]
Gold:   214        SH: 10    Dex:  8 (10) Spells: 6/6 levels left

rFire    . . .     SeeInvis +   a - +0 war axe
rCold    . . .     Gourm    .   c - +0 shield
rNeg     . . .     Faith    .   g - +0 chain mail
rPois    .         Spirit   +   (helmet unavailable)
rElec    .         Reflect  .   (no cloak)
rCorr    .         Harm     .   r - +0 pair of gloves
MR       .....                  (no boots)
Stlth    ..........             j - amulet of guardian spirit
Regen    0.2/turn               (no ring)
MPRegen  0.1/turn               (no ring)

@: no status effects
A: permanent stasis, dig shafts and tunnels, four strong arms, antennae 3
a: Dig, Shaft Self, Renounce Religion


You were in an ossuary.
You worshipped Ru.
Ru was noncommittal.
You were not hungry.

You visited 2 branches of the dungeon, and saw 6 of its levels.
You also visited: Ossuary.

You collected 214 gold pieces.

Inventory:

Hand Weapons
 a - a +0 war axe (weapon)
Armour
 c - a +0 shield (worn)
 g - a +0 chain mail (worn)
 r - a +0 pair of gloves (worn)
Jewellery
 b - an uncursed ring of poison resistance {unknown}
 j - an amulet of guardian spirit (around neck)
 p - an uncursed ring of ice {unknown}
 y - a cursed ring of loudness {unknown}
 C - an uncursed ring of protection from magic {unknown}
Wands
 E - a wand of flame (14/48)
Scrolls
 h - 4 scrolls of identify {unknown}
 i - 2 scrolls of teleportation {unknown}
 k - 3 scrolls of fear {unknown}
 m - 2 scrolls of recharging {unknown}
 n - 3 scrolls of magic mapping {unknown}
 u - a scroll of acquirement {unknown}
 v - 2 scrolls of amnesia {unknown}
 x - a scroll of fog {unknown}
 B - a scroll of enchant weapon {unknown}
 F - 3 scrolls of remove curse {unknown}
 G - a scroll of random uselessness {unknown}
Potions
 l - 2 potions of flight {unknown}
 o - a potion of mutation {unknown}
 q - a potion of berserk rage {unknown}
 s - 4 potions of might
 t - a potion of haste {unknown}
 w - 2 potions of heal wounds {unknown}
 z - a potion of degeneration {unknown}
 A - 2 potions of lignification {unknown}
 D - a potion of agility {unknown}
Comestibles
 d - 3 bread rations
 e - a meat ration
 f - 5 fruits


   Skills:
 + Level 5.0 Fighting
 + Level 3.8 Axes
 + Level 4.6 Armour
 + Level 2.9 Dodging
 + Level 5.2 Shields


You had 6 spell levels left.
You didn't know any spells.

Dungeon Overview and Level Annotations

Branches:
Dungeon (5/15)             Temple (1/1) D:4

Altars:
Cheibriados
Gozag
Hepliaklqana
Ru
Trog
Uskayaw
Vehumet
Xom
Yredelemnul

Annotations:
D:4 DogShitOnMyToe's ghost, amateur TrMo
D:5 Eustachio Ossuary buskinjo's ghost, novice TeIE


Innate Abilities, Weirdness & Mutations

You cannot be hasted, slowed, berserked, paralysed or teleported.
You can dig through walls and to a lower floor.
Your four strong arms can wield two-handed weapons with a shield.
You have a pair of large antennae on your head. (SInv)


Message History

Buskinjo's ghost hits you.
* * * LOW HITPOINT WARNING * * *
You block the ice beast's attack.
Buskinjo's ghost casts a spell.
You miss buskinjo's ghost.
Buskinjo's ghost is almost destroyed.
You hit the ice beast.
Your shield and chain mail prevent you from hitting the ice beast.
Buskinjo's ghost hits you but does no damage.
The ice beast hits you but does no damage.
You block the ice beast's attack.
You closely miss buskinjo's ghost.
Buskinjo's ghost is almost destroyed.
Your chain mail prevents you from hitting the ice beast.
You hit the ice beast but do no damage. You block buskinjo's ghost's attack.
The ice beast barely misses you. You block the ice beast's attack.
The ice beast hits you.
* * * LOW HITPOINT WARNING * * *
The ice beast freezes you!
You die...

#################
........W@.......
........YY.......
..##############.
{{{ {{ {{{ { {


You could see 2 ice beasts and buskinjo's ghost.

Vanquished Creatures
  A sky beast (D:5)
  An ogre (D:4)
  A howler monkey (D:4)
  A centaur zombie (D:5)
  2 hounds (D:4)
  A worker ant (D:4)
  A hound skeleton (D:4)
  A mummy (D:5)
  6 adders
  An ooze (D:2)
  2 dart slugs
  2 leopard geckos
  9 orcs
  6 giant cockroaches
  6 goblins
  7 hobgoblins
  13 jackals
  2 quokkas
  14 bats
  12 frilled lizards
  7 kobolds
  A leopard gecko zombie (D:5)
  2 quokka skeletons (D:4)
  5 rats
104 creatures vanquished.

Notes
Turn   | Place    | Note
-------+----------+-------------------------------------------
     0 | D:1      | kuniqs the Formicid Fighter began the quest for the Orb.
     0 | D:1      | Reached XP level 1. HP: 18/18 MP: 1/1
   227 | D:1      | Reached XP level 2. HP: 24/24 MP: 2/2
   579 | D:1      | Reached skill level 1 in Dodging
   579 | D:1      | Reached XP level 3. HP: 29/29 MP: 3/3
  1144 | D:2      | Reached XP level 4. HP: 36/36 MP: 4/4
  2387 | D:3      | Reached XP level 5. HP: 10/42 MP: 3/5
  3134 | D:4      | Noticed an ogre
  3382 | D:4      | Killed an ogre
  3382 | D:4      | Reached XP level 6. HP: 25/49 MP: 3/6
  3567 | D:4      | Noticed DogShitOnMyToe's ghost (amateur TrMo)
  4004 | D:4      | Reached skill level 5 in Shields
  4133 | D:5      | Entered Level 5 of the Dungeon
  4133 | D:5      | Noticed a sky beast
  4150 | D:5      | Killed a sky beast
  4150 | D:5      | Reached XP level 7. HP: 44/55 MP: 7/7
  4253 | D:5      | Noticed Eustachio
  4269 | D:5      | Reached skill level 5 in Fighting
  4421 | D:4      | Found a staircase to the Ecumenical Temple.
  4429 | Temple   | Entered the Ecumenical Temple
  4456 | Temple   | Became a worshipper of Ru the Awakened
  4703 | D:5      | Found a sand-covered staircase.
  4716 | Ossuary  | Entered an ossuary
  4716 | Ossuary  | Noticed buskinjo's ghost (novice TeIE)
  4735 | Ossuary  | Slain by an ice beast

Skill      XL: |  1  2  3  4  5  6  7 |
---------------+----------------------+-----
Shields        | 4 5 |  5.2
Dodging        | 1 2 |  2.9
Fighting       | 4 5 |  5.0
Axes           | 3 |  3.8
Armour         | 4 |  4.6

Action                   |  1- 3 |  4- 6 |  7- 9 || total
-------------------------+-------+-------+-------++-------
Melee: War axe           |   123 |   243 |    64 ||   430
  Eat: Chunk             |     1 |     9 |       ||    10
       Fruit             |       |     1 |       ||     1
       Bread ration      |       |       |     1 ||     1
Armor: Scale mail        |    43 |       |       ||    43
       Chain mail        |     8 |   118 |    98 ||   224
Dodge: Dodged            |    42 |    75 |    49 ||   166
Block: Shield            |    78 |   135 |    88 ||   301
